 Dungeon Sprint DCSS version 0.31-a0-18-gea43df2a32 (webtiles) character file.

Game seed: 12731575150597608226

5428 sircluck the Brawler (level 10, -9/171 HPs)
             Began as a Troll Berserker on May 11, 2023.
             Was a High Priest of Trog.
             Mangled by a skeletal warrior
             ... wielding a +2 heavy battleaxe
              (44 damage)
             ... in the Dungeon (Sprint II: "The Violet Keep of Menkaure").
             The game lasted 00:03:07 (526 turns).

sircluck the Brawler (Troll Berserker)               Turns: 526, Time: 00:03:07

Health: -9/171     AC:  3    Str: 37    XL:     10   Next: 40%
Magic:  9/9        EV: 13    Int:  3    God:    Trog [*****.]
Gold:   420        SH:  0    Dex:  9    Spells: 9/9 levels left

rFire   . .          .
                       - Unarmed
rCold   . . .        (no shield)
rNeg    . . .        a - +0 animal skin
rPois   .            (helmet restricted)
rElec   .            (no cloak)
rCorr   .            (gloves unavailable)
SInv    .            (boots unavailable)
Will    .....        (no amulet) Stlth
                     i - +6 ring of strength
HPRegen 1.28/turn    h - ring of flight
MPRegen 0.11/turn

%: no teleportation
@: berserking (expiring), flying, very quick
A: large, unfitting armour, claws 3, regeneration 1, shaggy fur 1, tough skin 1,
deformed body
a: Renounce Religion, Berserk, Trog's Hand, Brothers in Arms


You were in the Dungeon.
You worshipped Trog.
Trog was extremely pleased with you.
You visited 1 branch You collected 972 gold pieces.
You spent 552 gold pieces at shops.

Inventory:

Armour
 a - a +0 animal skin (worn)
Jewellery
 h - a ring of flight (right claw)
 i - a +6 ring of strength (left claw)
Potions
 b - a potion of curing
 c - a potion of heal wounds
 d - a potion of haste
 e - 2 potions of magic
 f - a potion of berserk rage


   Skills:
 + Level 11.2 Fighting
 + Level 11.2 Dodging
 + Level 0.1 Stealth
 + Level 17.3 Unarmed Combat


You had 9 spell levels left.
You didn't know any spells.
Your spell library was empty.

Dungeon Overview and Level Annotations

Branches:
Dungeon (1/1)

Altars:

Shops:
D :[[(?!==??:?=!=

Annotations:
D exclusion: oklob plant


Innate Abilities, Weirdness & Mutations

You are too large for most types of armour.
You have claws for hands.
Your natural rate of healing is unusually fast.
You are covered in fur. (AC +1)
You have tough skin. (AC +1)
Armour fits poorly on your strangely shaped body.


Message History

Your Unarmed Combat skill increases to level 17!
You closely miss the kobold demonologist.
You closely miss the kobold demonologist.
The elephant closely misses you. The elephant trunk-slaps you.
The kobold demonologist hits you with a +0 dagger.
You miss the kobold demonologist. You claw the kobold demonologist!!
The kobold demonologist is severely wounded.
The shadow imp hits you.
You closely miss the kobold demonologist.
The kobold demonologist is severely wounded.
The elephant tramples you!
You hold your ground!
The elephant trunk-slaps you.
* * * LOW HITPOINT WARNING * * *
The kobold demonologist looks braver for a moment.
You barely miss the kobold demonologist.
The kobold demonologist is severely wounded.
The shadow imp closely misses you.
You closely miss the kobold demonologist.
Your claw misses the kobold demonologist.
The kobold demonologist is severely wounded.
The elephant tramples you!
* * * LOW HITPOINT WARNING * * *
You hold your ground!
The elephant trunk-slaps you but does no damage.
The kobold demonologist barely misses you.
You mangle the kobold demonologist!!
You feel the power of Trog in you as your rage grows.
You kill the kobold demonologist!
Trog accepts your kill.
Trog appreciates your killing of a magic user.
The shadow imp disappears in a puff of smoke!
Unknown command.
You see here the human corpse of Kirke.
You claw the elephant!
The elephant is lightly wounded.
You scratch the elephant but do no damage.
The elephant is lightly wounded.
You scratch the elephant. You claw the elephant!!
The elephant is heavily wounded.
The skeletal warrior hits you with a +2 heavy battleaxe!!!
You die...

## $+ .# ####. . #..z####
.≈ #$§Y@)~## ≈.≈
############~~#+++#'''
###########~~~.......°
##......∩.#~~~~.##'#
##...∩.∩..#~~~~##.####
##..∩.∩...#~~~~#.##..#
##.⌠.∩....#~~####...#### #
##..∩.∩...#~##.###'###.##..
##...∩.∩..#~#..÷##.##...#..


You could see an elephant and a skeletal warrior.

Vanquished Creatures
  Kirke (D)
  A yaktaur captain (D)
  A centaur warrior (D)
  A merfolk siren (D)
  A kobold demonologist (D)
  10 flying skulls (D)
  4 neqoxecs (D)
  Menkaure (D)
  A water moccasin (D)
  4 necrophages (D)
  A hell rat (D)
  2 worms (D)
28 creatures vanquished.

Vanquished Creatures (others)
  A water moccasin (D)
1 creature vanquished.

Grand Total: 29 creatures vanquished

Notes
Turn   | Place    | Note
-------+----------+-------------------------------------------
     0 | D        | sircluck the Troll Berserker began the quest for the Orb.
     0 | D        | Reached XP level 1. HP: 22/22 MP: 0/0
     1 | D        | Noticed a neqoxec
     1 | D        | Noticed a neqoxec
     1 | D        | Noticed a neqoxec
     1 | D        | Noticed a neqoxec
     9 | D        | Killed a neqoxec
    10 | D        | Reached skill level 5 in Fighting
    10 | D        | Reached skill level 5 in Dodging
    10 | D        | Reached skill level 6 in Unarmed Combat
    10 | D        | Reached XP level 2. HP: 35/35 MP: 1/1
    10 | D        | Reached XP level 3. HP: 42/42 MP: 2/2
    10 | D        | Reached XP level 4. HP: 50/50 MP: 3/3
    16 | D        | Killed a neqoxec
    17 | D        | Reached skill level 7 in Unarmed Combat
    17 | D        | Reached XP level 5. HP: 61/61 MP: 4/4
    20 | D        | Killed a neqoxec
    20 | D        | Reached ** piety under Trog
    21 | D        | Reached skill level 8 in Unarmed Combat
    21 | D        | Reached XP level 6. HP: 70/71 MP: 5/5
    28 | D        | Gained mutation: Armour fits poorly on your strangely
                  | shaped body. [a neqoxec]
    29 | D        | Killed a neqoxec
    30 | D        | Reached skill level 9 in Unarmed Combat
    34 | D        | Killed a water moccasin
    61 | D        | Noticed a merfolk siren
    67 | D        | Killed a merfolk siren
    67 | D        | Reached *** piety under Trog
    68 | D        | Reached skill level 10 in Unarmed Combat
    68 | D        | Reached XP level 7. HP: 74/81 MP: 6/6
    87 | D        | Noticed Menkaure
    94 | D        | Killed Menkaure
    94 | D        | Reached **** piety under Trog
    95 | D        | Reached skill level 11 in Unarmed Combat
   213 | D        | Reached XP level 8. HP: 83/91 MP: 7/7
   244 | D        | Found Pekhufol's Jewellery Shop.
   244 | D        | Found Micw's Magic Scroll Boutique.
   244 | D        | Found Yzulolluoru's Book Shop.
   244 | D        | Found Juheipo's Jewellery Boutique.
   244 | D        | Found Tisa Uve's Jewellery Shop.
   244 | D        | Found Urcher's Magic Scroll Shop.
   245 | D        | Found Kaoluski's Distillery.
   245 | D        | Found Tusuosk's Magic Scroll Shop.
   245 | D        | Found Kaepicau's Antique Weapon Boutique.
   245 | D        | Found Ysav Nonn's Jewellery Shop.
   246 | D        | Found Bapez's Antique Armour Shop.
   246 | D        | Found Leunyedgh's Antique Armour Boutique.
   247 | D        | Found Fischy's Distillery.
   247 | D        | Found Lacuaf's Magic Scroll Shop.
   248 | D        | Noticed an ice dragon
   248 | D        | Noticed an oklob plant
   254 | D        | Reached ***** piety under Trog
   255 | D        | Reached skill level 12 in Unarmed Combat
   294 | D        | Found Nyzeim's Book Shoppe.
   300 | D        | Noticed a cane toad
   306 | D        | Bought a ring of flight for 192 gold pieces
   332 | D        | Bought a +6 ring of strength for 360 gold pieces
   341 | D        | Noticed a flying skull
   341 | D        | Noticed a flying skull
   342 | D        | Noticed a flying skull
   342 | D        | Noticed a flying skull
   347 | D        | Noticed a flying skull
   348 | D        | Killed a flying skull
   349 | D        | Noticed a flying skull
   350 | D        | Noticed a flying skull
   351 | D        | Killed a flying skull
   355 | D        | Noticed a flying skull
   364 | D        | Killed a flying skull
   365 | D        | Reached skill level 13 in Unarmed Combat
   369 | D        | Noticed a flying skull
   378 | D        | Noticed a flying skull
   428 | D        | Killed a flying skull
   429 | D        | Reached XP level 9. HP: 101/101 MP: 8/8
   430 | D        | Reached skill level 10 in Fighting
   435 | D        | Reached skill level 14 in Unarmed Combat
   438 | D        | Reached skill level 10 in Dodging
   497 | D        | Noticed an elephant
   497 | D        | Noticed a centaur warrior
   497 | D        | Noticed Kirke
   497 | D        | Noticed a kobold demonologist
   497 | D        | Noticed a yaktaur captain
   497 | D        | Noticed a skeletal warrior
   504 | D        | Noticed a sphinx
   504 | D        | Killed Kirke
   504 | D        | Received a gift from Trog
   505 | D        | Reached skill level 16 in Unarmed Combat
   505 | D        | Reached XP level 10. HP: 111/111 MP: 9/9
   510 | D        | Killed a yaktaur captain
   511 | D        | Noticed a hell hog
   512 | D        | Noticed a hell hog
   515 | D        | Killed a centaur warrior
   516 | D        | Reached skill level 17 in Unarmed Combat
   526 | D        | Mangled by a skeletal warrior

Illustrated notes

Levels and vault maps discovered:
D:        the_violet_keep_of_menkaure [sprint2_stairs_cluster_1,
          sprint2_shoproom, sprint2_temple, sprint2_basic_supplies,
          sprint2_obstacle_3, sprint2_obstacle_6, sprint2_obstacle_1,
          sprint2_obstacle_7, sprint2_obstacle_4, sprint2_timed_cluster_1,
          sprint2_smallroom_cluster_1, sprint2_smallroom_final_cluster_1,
          sprint2_transparent_cluster_1, sprint2_second_timed_cluster_1,
          sprint2_sniper_area_1, sprint2_heavy_combat_area_1,
          sprint2_mutation_trap_area_1, sprint2_forest_area_1,
          sprint2_light_combat_area_1, sprint2_behind_water_1,
          sprint2_near_end_vault_1]

Skill      XL: |  1  2  3  4  5  6  7  8  9 10 |
---------------+-------------------------------+-----
Fighting       | 5 6 7 8 9 10 11 | 11.2
Dodging        | 5 6 8 9 10 11 | 11.2
Unarmed Combat | 6 7 8 10 11 13 16 17 | 17.3
Stealth        | |  0.1

Action                     |  1- 3 |  4- 6 |  7- 9 | 10-12 || total
---------------------------+-------+-------+-------+-------++-------
  Melee: Unarmed           |     7 |    24 |    65 |    19 ||   115
         Punch             |       |       |     4 |     3 ||     7
 Invoke: Berserk           |     1 |       |     3 |       ||     4
         Brothers in Arms  |       |       |     1 |       ||     1
    Use: Scroll            |       |       |     1 |       ||     1
 Armour: Animal skin       |     1 |     1 |     6 |     4 ||    12
  Dodge: Dodged            |     2 |     9 |    37 |    11 ||    59

Table legend: (Time is in decaauts)
 A = Elapsed time spent in this place.
 B = Non-inter-level travel time spent in this place.
 C = Inter-level travel time spent in this place.
 D = Time resting spent in this place.
 E = Time spent auto-exploring this place.
 F = Levels seen in this place.
 G = Mean time per level.
                   A        B        C        D        E       F      G
               +--------+--------+--------+--------+--------+-----+--------+
         Total |    518 |    497 |     21 |    168 |     92 |   1 |  518.0 |
       Dungeon |    518 |    497 |     21 |    168 |     92 |   1 |  518.0 |
               +--------+--------+--------+--------+--------+-----+--------+

Top non-repeatable levels by time:
       D: 518 daAuts
